[Event "Team 45 45 League T26"]
[Site "Internet Chess Club"]
[Date "2005.03.28"]
[Round "2"]
[White "doobedoo"]
[Black "six-killer"]
[Result "1/2-1/2"]
[WhiteElo "1719"]
[BlackElo "1795"]
[TimeControl "2700+45"]

1. e4 c5 2. Nf3 d6 3. d4 cxd4 4. Nxd4 Nf6 5. Nc3 a6 6. Bg5 e6 7. f4 Be7 8. Qd2
b5 9. Bd3 h6 10. Bxf6 Bxf6 11. Nce2 Bb7 12. c3 Nd7 13. Ng3 Qb6 14. Bc2 Nc5 15.
Nf3 O-O 16. Qf2 Nd7 17. Qxb6 Nxb6 18. O-O-O d5 19. e5 Be7 20. f5 Nc4 21. Rhe1
Bc5 22. Nd4 exf5 23. Bxf5 {Game drawn by mutual agreement} 1/2-1/2

[Event "Team 45 45 League T26"]
[Site "Internet Chess Club"]
[Date "2005.03.28"]
[Round "2"]
[White "jmc860"]
[Black "Ciclamino"]
[Result "0-1"]
[WhiteElo "1584"]
[BlackElo "1643"]
[TimeControl "2700+45"]

1. e4 c6 2. d4 d5 3. e5 Bf5 4. c3 e6 5. Be2 c5 6. Nf3 Nc6 7. Bg5 Qb6 8. Bd3 Bxd3
9. Qxd3 Qxb2 10. O-O Qxa1 11. Qb5 Rb8 12. Qb3 c4 13. Qa4 b5 14. Qa6 Kd7 15. Nbd2
Qxc3 16. Rb1 Rb6 17. Rxb5 Rxa6 18. Rb7+ Ke8 19. Rc7 Be7 {White resigns} 0-1

[Event "Team 45 45 League T26"]
[Site "Internet Chess Club"]
[Date "2005.03.27"]
[Round "2"]
[White "SeniorCitizen"]
[Black "Rainbird"]
[Result "0-1"]
[WhiteElo "1416"]
[BlackElo "1615"]
[TimeControl "2700+45"]

1. e4 e5 2. Nf3 Nc6 3. Bb5 a6 4. Ba4 Nf6 5. O-O Be7 6. d3 b5 7. Bb3 O-O 8. Bg5
d6 9. h3 Be6 10. Nc3 Na5 11. Qd2 c5 12. Bxf6 Bxf6 13. Bd5 Rc8 14. Bxe6 fxe6 15.
b3 Nc6 16. a4 b4 17. Ne2 d5 18. Rad1 Na5 19. Ng3 Nc6 20. Nh5 Nd4 21. Nxf6+ Qxf6
22. Nxd4 exd4 23. exd5 exd5 24. Rde1 a5 25. Re2 c4 26. Qe1 cxd3 27. cxd3 Rc3 28.
Qb1 Qf5 29. Rd1 Qg6 30. Re5 Rxf2 31. Re8+ Qxe8 32. Kxf2 Qe3+ 33. Kf1 h6 34. Qb2
Rxd3 35. Rxd3 Qxd3+ 36. Kg1 Qe3+ 37. Qf2 Qxf2+ 38. Kxf2 Kf7 39. Ke2 Ke6 40. Kd3
Ke5 41. g3 g6 42. h4 h5 43. Kd2 Ke4 {White resigns} 0-1

[Event "Team 45 45 League T26"]
[Site "Internet Chess Club"]
[Date "2005.03.24"]
[Round "2"]
[White "DTK"]
[Black "trevor21"]
[Result "1/2-1/2"]
[WhiteElo "1965"]
[BlackElo "2127"]
[TimeControl "2700+45"]

1. e4 e6 2. d4 d5 3. Nc3 Bb4 4. e5 c5 5. a3 Bxc3+ 6. bxc3 Ne7 7. Qg4 O-O 8. Bd3
Nbc6 9. Qh5 Ng6 10. Nf3 Qc7 11. Be3 c4 12. Bxg6 fxg6 13. Qg4 Ne7 14. h4 Nf5 15.
h5 Qf7 16. O-O-O a5 17. hxg6 Qxg6 18. Qxg6 hxg6 19. Bg5 Bd7 20. Rh3 Kf7 21. Rdh1
b5 22. Rh7 Rg8 23. g4 Ne7 24. Bxe7 Kxe7 25. Ng5 Raf8 26. R1h2 Rf4 27. f3 Be8 28.
Kd2 Rff8 29. Rh1 Bd7 30. Rb1 Rb8 31. Ke3 Ra8 32. Nh3 Be8 33. Ng1 g5 34. Rh2 Bg6
35. Nh3 Rh8 36. Rbh1 b4 37. Nxg5 Rxh2 38. Rxh2 bxa3 39. Rh1 Bxc2 40. Ra1 a4 41.
Rxa3 Rh8 42. f4 Rh1 43. f5 exf5 44. gxf5 Bb3 45. Ne6 Rh3+ 46. Kf4 Rxc3 47. Nc5
Rc1 48. Nxa4 Bxa4 49. Rxa4 Rf1+ 50. Kg5 c3 51. f6+ gxf6+ 52. exf6+ Kd6 53. Ra6+
Kd7 54. Ra7+ Kc6 55. Ra5 Rf3 56. Rc5+ Kd6 57. Kg6 {Game drawn by mutual
agreement} 1/2-1/2

[Event "Team 45 45 League T26"]
[Site "Internet Chess Club"]
[Date "2005.03.26"]
[Round "2"]
[White "Deathstroke"]
[Black "kingfischer57"]
[Result "0-1"]
[WhiteElo "1602"]
[BlackElo "1803"]
[TimeControl "2700+45"]

1. e4 e6 2. d4 d5 3. e5 c5 4. c3 Nc6 5. Nf3 Qb6 6. a3 cxd4 7. cxd4 Nge7 8. b4
Nf5 9. Be3 Nxe3 10. fxe3 Be7 11. Bd3 Bd7 12. Qc2 Rc8 13. Nc3 g6 14. O-O O-O 15.
g4 a5 16. bxa5 Qxa5 17. Rfb1 Nxd4 18. exd4 Rxc3 19. Qd2 b5 20. Bxb5 Bxb5 21.
Rxb5 Qc7 22. Kg2 Rc2 {White resigns} 0-1

[Event "Team 45 45 League T26"]
[Site "Internet Chess Club"]
[Date "2005.03.25"]
[Round "2"]
[White "tourettes"]
[Black "nursey"]
[Result "1-0"]
[WhiteElo "1808"]
[BlackElo "1615"]
[TimeControl "2700+45"]

1. e4 e6 2. d3 d5 3. Nd2 Bb4 4. Nf3 Nf6 5. c3 dxe4 6. dxe4 Ba5 7. Qc2 O-O 8. Nc4
Bb6 9. Nxb6 axb6 10. Bd3 Nc6 11. e5 Ng4 12. Bxh7+ Kh8 13. Bg5 Qe8 14. Be4 Ncxe5
15. Nxe5 Nxe5 16. O-O Nc4 17. Rfd1 Qa4 18. b3 Qb5 19. bxc4 Qxg5 20. Rd3 Rd8 21.
Rh3+ Kg8 22. Rd1 Rxd1+ 23. Qxd1 Rxa2 24. Rd3 f5 25. Rd8+ Kh7 26. Bf3 Ra8 27. g3
e5 28. h4 Qg6 29. Bh5 Qe6 30. Rf8 Qxc4 31. Bf7 Qc6 32. Qh5+ Qh6 33. Bg6# {Black
checkmated} 1-0

[Event "Team 45 45 League T26"]
[Site "Internet Chess Club"]
[Date "2005.03.25"]
[Round "2"]
[White "rabanito"]
[Black "reijo"]
[Result "1/2-1/2"]
[WhiteElo "1537"]
[BlackElo "1478"]
[TimeControl "2700+45"]

1. e4 e6 2. d4 d5 3. Nc3 dxe4 4. Nxe4 Nc6 5. Nf3 Nge7 6. Bb5 a6 7. Be2 g6 8. Be3
Bg7 9. O-O O-O 10. Qd2 b5 11. Bh6 Bb7 12. Bxg7 Kxg7 13. Nc5 Rb8 14. Qc3 Nd5 15.
Qd2 Qe7 16. Nxb7 Rxb7 17. c3 Nd8 18. Rae1 c5 19. dxc5 Qxc5 20. Ne5 Qc7 21. Ng4
Qf4 22. Qxf4 Nxf4 23. Bf3 Rd7 24. Rd1 Rxd1 25. Rxd1 f5 26. Ne5 Nf7 27. Rd7 Kf6
28. Rxf7+ Rxf7 29. Nxf7 Kxf7 30. b4 Nd5 31. Bxd5 exd5 32. f4 Ke6 33. Kf2 d4 34.
cxd4 Kd5 35. Ke3 Kc4 36. a3 Kd5 37. Kd3 Kd6 38. h3 Kd5 {Game drawn by mutual
agreement} 1/2-1/2

[Event "Team 45 45 League T26"]
[Site "Internet Chess Club"]
[Date "2005.03.28"]
[Round "2"]
[White "ExclamMoves"]
[Black "f5"]
[Result "1-0"]
[WhiteElo "2369"]
[BlackElo "2302"]
[TimeControl "2700+45"]

1. d4 f5 2. Nf3 Nf6 3. Bf4 e6 4. e3 d5 5. Bd3 Bd6 6. Bxd6 Qxd6 7. Nbd2 Nbd7 8.
c4 Ne4 9. O-O c6 10. Qc2 O-O 11. Rac1 Rf6 12. cxd5 exd5 13. Rfe1 Rh6 14. Nf1 g5
15. Bxe4 fxe4 16. Nxg5 Nf6 17. Ng3 Rg6 18. f4 h6 19. Nf3 Rg7 20. Ne5 Be6 21. Qe2
Rf8 22. Rf1 Bg4 23. Nxg4 Nxg4 24. h3 Qf6 25. Nh5 Qh4 26. Nxg7 Kxg7 27. Qxg4+
{Black resigns} 1-0

[Event "Team 45 45 League T26"]
[Site "Internet Chess Club"]
[Date "2005.03.27"]
[Round "2"]
[White "searchforbobby1"]
[Black "Zillmer"]
[Result "1/2-1/2"]
[WhiteElo "2121"]
[BlackElo "2147"]
[TimeControl "2700+45"]

1. e4 d6 2. d4 Nf6 3. Nc3 g6 4. Bc4 Bg7 5. Qe2 Nc6 6. e5 Nxd4 7. exf6 Nxe2 8.
fxg7 Rg8 9. Ngxe2 Rxg7 10. Bh6 Rg8 11. O-O-O Be6 12. Bxe6 fxe6 13. Nf4 e5 14.
Nd3 {Game drawn by mutual agreement} 1/2-1/2

[Event "Team 45 45 League T26"]
[Site "Internet Chess Club"]
[Date "2005.03.26"]
[Round "2"]
[White "StrayLite"]
[Black "Egmont"]
[Result "1-0"]
[WhiteElo "1978"]
[BlackElo "1662"]
[TimeControl "2700+45"]

1. e4 c5 2. Nf3 Nc6 3. d4 cxd4 4. Nxd4 g6 5. c4 Bg7 6. Be3 Nf6 7. Nc3 Ng4 8.
Qxg4 Nxd4 9. Qd1 Ne6 10. Qd2 O-O 11. Bd3 d6 12. h4 h5 13. g4 Nd4 14. Bxd4 Bxd4
15. gxh5 Kg7 16. e5 Bg4 17. Rg1 Bxh5 18. Qg5 e6 19. Qxh5 Rh8 20. Qg4 Rxh4 21.
Qg2 Rh6 22. exd6 Qxd6 23. Qe4 Rd8 24. Rg3 Qb6 25. Nd1 f5 26. Qg2 Rdh8 27. Rb1
Rh1+ 28. Ke2 R8h6 29. a3 R1h2 30. Rxg6+ Rxg6 31. Qxh2 Qc6 32. Qf4 Rg4 33. Qf3
Qd7 34. Ne3 {Black resigns} 1-0

[Event "Team 45 45 League T26"]
[Site "Internet Chess Club"]
[Date "2005.03.30"]
[Round "2"]
[White "trikmamak"]
[Black "jpitt"]
[Result "0-1"]
[WhiteElo "2276"]
[BlackElo "2358"]
[TimeControl "2700+45"]

1. e4 e6 2. d4 d5 3. Nc3 Nf6 4. e5 Nfd7 5. Nce2 c5 6. c3 Nc6 7. f4 Qb6 8. Nf3 f6
9. a3 Be7 10. h4 O-O 11. Rh3 a5 12. b3 Qc7 13. Qc2 b6 14. h5 Ba6 15. h6 g6 16.
f5 Bxe2 17. fxg6 Bxf3 18. gxh7+ Kh8 19. Qg6 Rg8 20. hxg8=Q+ Rxg8 21. Qf7 Ndxe5
22. Qxe6 Bg4 23. Qxd5 cxd4 24. Rg3 Rd8 25. Qe4 f5 26. Qf4 Bh4 27. Kf2 dxc3 28.
Be3 Nd3+ 29. Bxd3 Qxf4+ 30. Bxf4 Rxd3 {White resigns} 0-1

[Event "Team 45 45 League T26"]
[Site "Internet Chess Club"]
[Date "2005.03.25"]
[Round "2"]
[White "gringo"]
[Black "onslaught"]
[Result "1/2-1/2"]
[WhiteElo "2231"]
[BlackElo "2260"]
[TimeControl "2700+45"]

1. e4 e5 2. Nf3 Nc6 3. Bc4 Nf6 4. d4 exd4 5. e5 d5 6. Bb5 Ne4 7. Nxd4 Bd7 8.
Bxc6 bxc6 9. O-O Bc5 10. Be3 Bb6 11. Nd2 Nxd2 12. Qxd2 Qe7 13. Nb3 O-O 14. Qc3
f6 15. f4 fxe5 16. fxe5 Rxf1+ 17. Rxf1 Re8 18. Bc5 h6 19. a4 Qxe5 20. Rf8+ Kh7
21. Qd3+ Qe4 22. Rxe8 Qxd3 23. cxd3 Bxe8 24. a5 Bxc5+ 25. Nxc5 Kg6 26. Ne6 Bf7
27. Nd4 Be8 28. Kf2 c5 29. Ne6 c4 30. Nxc7 Bc6 31. Ne6 Kf6 32. Nd4 Bd7 33. Ke3
cxd3 34. Kxd3 Ke5 35. Ke3 Kd6 36. b4 a6 37. Nf3 Be8 38. Kd4 Kc6 39. Kc3 Kb5 40.
Nd4+ Ka4 41. Nb3 Bf7 42. Nd4 Be8 43. Ne6 g5 44. Nc7 Bc6 45. Nxa6 d4+ 46. Kxd4
Kb5 47. Nc7+ Kxb4 48. g3 Kxa5 49. Ke5 Kb6 50. Ne6 Bd7 51. Kf6 g4 52. Nf4 Kc5 53.
Kg6 Kd4 54. Kh5 Ke4 55. Kxh6 Kf3 56. Kh5 Kf2 57. Kh4 Kf3 58. Nd5 Be6 59. Nf4 Bc8
60. Ng6 Kg2 61. Ne5 Kxh2 62. Nxg4+ Kg2 63. Nf6 Kf3 64. Nh5 Ke4 65. Ng7 Kf3 66.
Ne8 Bd7 67. Nd6 Be6 68. Nb5 Bd7 69. Nc3 Be6 70. Nb5 Bd7 71. Nd6 Be6 72. Ne8 Bd7
73. Ng7 Bc8 74. Nh5 Bd7 75. Nf4 Bc8 76. Nh3 Bd7 77. Ng5+ Kg2 78. Nf7 Bc8 79. Nd6
Bd7 80. Ne4 Kf3 81. Nc5 Bc8 82. Nd3 Kg2 83. Ne5 Be6 84. Ng4 Bc8 85. Ne3+ Kf3 86.
Nf1 Bd7 87. Kg5 Bb5 88. Nd2+ {Game drawn by mutual agreement} 1/2-1/2

[Event "Team 45 45 League T26"]
[Site "Internet Chess Club"]
[Date "2005.03.26"]
[Round "2"]
[White "indiadar"]
[Black "Milo"]
[Result "0-1"]
[WhiteElo "2012"]
[BlackElo "2311"]
[TimeControl "2700+45"]

1. e4 e5 2. Nf3 Nc6 3. Bb5 a6 4. Ba4 Nf6 5. O-O b5 6. Bb3 Bb7 7. Re1 Bc5 8. c3
d6 9. d4 Bb6 10. Bg5 h6 11. Bh4 Qe7 12. a4 g5 13. Bg3 h5 14. axb5 axb5 15. Rxa8+
Bxa8 16. h4 g4 17. Ng5 Nd8 18. f4 Nd7 19. f5 f6 20. Ne6 c5 21. Nxd8 Qxd8 22. Bf2
cxd4 23. cxd4 g3 24. Be3 Bxe4 25. Nc3 Bc6 26. Qe2 Kf8 27. Nxb5 Qe7 28. Qc4 Bxb5
29. Qxb5 Kg7 30. dxe5 Bxe3+ 31. Rxe3 Nxe5 32. Rxg3+ Ng4 33. Be6 Qa7+ {White
resigns} 0-1

[Event "Team 45 45 League T26"]
[Site "Internet Chess Club"]
[Date "2005.03.28"]
[Round "2"]
[White "hewdondada"]
[Black "kikian"]
[Result "0-1"]
[WhiteElo "1840"]
[BlackElo "2026"]
[TimeControl "2700+45"]

1. d4 Nf6 2. c4 d6 3. Nc3 g6 4. e4 Bg7 5. Nf3 O-O 6. Be2 e5 7. O-O Nc6 8. d5 Ne7
9. Bg5 Nh5 10. Ne1 Nf4 11. Nd3 Nxe2+ 12. Qxe2 f5 13. f4 h6 14. Bxe7 Qxe7 15.
exf5 Bxf5 16. fxe5 dxe5 17. Ne4 Rad8 18. Rae1 Kh7 19. a3 b5 20. Nb4 Bxe4 21.
Qxe4 Qc5+ 22. Kh1 Qxc4 23. Qxc4 bxc4 24. Rg1 a5 25. Na6 Rf7 26. g3 Rxd5 27. Rc1
Rd4 28. Nc5 Rf2 29. Rg2 Rf6 30. Re2 Rc6 31. Ne4 Rb6 32. Kg2 h5 33. Rf1 Rd8 34.
Rf7 Rdb8 35. Rxc7 Rxb2 36. Rxb2 Rxb2+ 37. Kh3 Kh6 38. Rxc4 Bf8 39. g4 hxg4+ 40.
Kxg4 Bxa3 41. Rc3 Bb4 42. Rh3+ Kg7 43. Rd3 Re2 44. Rd7+ Kf8 45. Kf3 Rxh2 46. Ng5
Rd2 47. Ne6+ Ke8 48. Rg7 a4 49. Rb7 Bd6 50. Ng7+ Kd8 51. Ra7 a3 52. Ke3 Bc5+ 53.
Kxd2 Bxa7 54. Kc2 Ke7 {White resigns} 0-1

[Event "Team 45 45 League T26"]
[Site "Internet Chess Club"]
[Date "2005.03.23"]
[Round "2"]
[White "Apocalyptic"]
[Black "azbycx"]
[Result "1-0"]
[WhiteElo "1968"]
[BlackElo "1876"]
[TimeControl "2700+45"]

1. e4 c5 2. Nf3 Nf6 3. Nc3 Nc6 4. d4 cxd4 5. Nxd4 d6 6. f3 a6 7. Bc4 e6 8. Bb3
Be7 9. Be3 O-O 10. Qd2 Qc7 11. g4 Rd8 12. g5 Nh5 13. f4 g6 14. f5 exf5 15. Nd5
Qd7 16. Nb6 Qe8 17. Nxa8 Ne5 18. Nc7 Qd7 19. Nd5 fxe4 20. O-O-O b5 21. Bf4 Nc4
22. Bxc4 bxc4 23. Nc6 {Black resigns} 1-0

[Event "Team 45 45 League T26"]
[Site "Internet Chess Club"]
[Date "2005.03.26"]
[Round "2"]
[White "Rising"]
[Black "Rossinantes"]
[Result "0-1"]
[WhiteElo "2318"]
[BlackElo "2324"]
[TimeControl "2700+45"]

1. c4 c5 2. Nf3 Nc6 3. g3 g6 4. Bg2 Bg7 5. Nc3 d6 6. a3 e6 7. O-O Nge7 8. Rb1
O-O 9. d3 b6 10. Bd2 Bb7 11. b4 Qd7 12. Qa4 Rfd8 13. Rfc1 h6 14. Qd1 Nd4 15. e3
Nxf3+ 16. Bxf3 Bxf3 17. Qxf3 Nc6 18. Qe2 Qe7 19. Be1 cxb4 20. axb4 d5 21. cxd5
Nxb4 22. dxe6 Nxd3 23. exf7+ Qxf7 24. Rc2 Rac8 25. Ne4 Nxe1 26. Rxe1 Rxc2 27.
Qxc2 Qf5 28. Rc1 Kh7 29. h4 Re8 30. Nd6 Qxc2 31. Rxc2 Re6 32. Nc8 a5 33. Rc7 b5
34. Ra7 a4 35. Kf1 b4 36. Rxa4 b3 37. Rb4 b2 {White resigns} 0-1

[Event "Team 45 45 League T26"]
[Site "Internet Chess Club"]
[Date "2005.03.27"]
[Round "2"]
[White "akdog3"]
[Black "trevor21"]
[Result "1-0"]
[WhiteElo "2155"]
[BlackElo "2123"]
[TimeControl "2700+45"]

1. d4 e6 2. Nf3 d5 3. e3 Nf6 4. Bd3 c6 5. Nbd2 Nbd7 6. O-O Bd6 7. Qe2 Qc7 8. e4
dxe4 9. Nxe4 Nxe4 10. Qxe4 Nf6 11. Qh4 Bd7 12. Bg5 Be7 13. Ne5 h6 14. Bd2 Rf8
15. Qg3 g5 16. c4 O-O-O 17. b4 Bd6 18. Rfe1 Ng8 19. Qf3 f5 20. Bc3 Ne7 21. a4
Bxe5 22. Rxe5 Ng6 23. Ree1 g4 24. Qd1 h5 25. Qc2 h4 26. Bf1 Rg8 27. c5 h3 28. g3
f4 29. Bd3 fxg3 30. fxg3 Ne7 31. d5 Nxd5 32. Be5 Nxb4 33. Qc4 Qa5 34. Bc3 Rdf8
35. Qxb4 Qc7 36. Be5 Qd8 37. Ba6 {Black resigns} 1-0

[Event "Team 45 45 League T26"]
[Site "Internet Chess Club"]
[Date "2005.03.24"]
[Round "2"]
[White "WesleyCrusher"]
[Black "smooth-moves04"]
[Result "1-0"]
[WhiteElo "2108"]
[BlackElo "1918"]
[TimeControl "2700+45"]

1. e4 e5 2. Nf3 f5 3. Nxe5 Qf6 4. d4 d6 5. Nc4 fxe4 6. Nc3 Qg6 7. Ne3 Nf6 8. Be2
Be7 9. O-O O-O 10. f3 exf3 11. Rxf3 Nc6 12. Bd3 Qh5 13. Bc4+ Kh8 14. Ncd5 Bg4
15. Nxf6 Rxf6 16. Nxg4 Qxg4 17. Be3 Raf8 18. Rxf6 Qxd1+ 19. Rxd1 Bxf6 20. c3 Re8
21. Bf4 g5 22. Bg3 Rf8 23. Bd5 h5 24. h3 h4 25. Bf2 Kg7 26. b3 a6 27. Re1 Rb8
28. Re4 Ne7 29. Be6 b5 30. Kf1 Ng6 31. Be3 Re8 32. Bd5 Ne7 33. Be6 Rf8 34. Ke2
Kg6 35. Rg4 Nf5 36. Bxf5+ Kxf5 37. Kd3 Re8 38. d5 Bxc3 39. Bxg5 Be5 40. Bxh4 Rc8
41. Bg3 Rf8 42. Bxe5 Kxe5 43. Rg5+ Kf6 44. h4 Re8 45. g3 Re1 46. Kc3 {Black
forfeits on time} 1-0

[Event "Team 45 45 League T26"]
[Site "Internet Chess Club"]
[Date "2005.03.25"]
[Round "2"]
[White "chesskilleruk"]
[Black "Catalog"]
[Result "1-0"]
[WhiteElo "2223"]
[BlackElo "2106"]
[TimeControl "2700+45"]

1. e4 d5 2. exd5 Qxd5 3. Nc3 Qa5 4. h3 e5 5. Nf3 Nc6 6. Bc4 Bf5 7. O-O f6 8. Nh4
Bg6 9. Nxg6 hxg6 10. Qg4 g5 11. Qe6+ Nge7 12. Qf7+ Kd7 13. Qe6+ Ke8 14. Bd3 Rh6
15. Qg4 Rh4 16. Qg3 Rd8 17. a3 a6 18. Be4 b5 19. d3 Nd4 20. Be3 c5 21. Kh1 Nxc2
22. Rac1 Nd4 23. Bxg5 Nef5 24. Bxf5 Nxf5 25. Qf3 Nd4 26. Qg3 Nf5 27. Qf3 Nd4 28.
Qe3 Nf5 29. Qe1 Rhd4 30. Qe2 Rxd3 31. Qh5+ Ke7 32. Bxf6+ gxf6 33. Qxf5 c4 34. f4
exf4 35. Rce1+ Kd6 36. Qxf6+ Kc7 37. Re6 Kb7 38. Qxf4 Qc7 39. Qxc7+ Kxc7 40.
Rxa6 Rd2 41. Rf7+ Kb8 42. Rb6+ Ka8 43. Rxb5 Bd6 44. Rf1 Rg8 45. Ne4 Rc2 46. Nxd6
Rgxg2 47. Rf8+ Ka7 48. Rb7+ {Black resigns} 1-0

[Event "Team 45 45 League T26"]
[Site "Internet Chess Club"]
[Date "2005.03.29"]
[Round "2"]
[White "Ser-Enigma"]
[Black "Smithers"]
[Result "0-1"]
[WhiteElo "1998"]
[BlackElo "2214"]
[TimeControl "2700+45"]

1. e4 e6 2. d3 c5 3. Nd2 d5 4. Ngf3 Nc6 5. g3 Nf6 6. Bg2 g6 7. O-O Bg7 8. Re1
O-O 9. Nf1 dxe4 10. dxe4 Qxd1 11. Rxd1 Nxe4 12. Ng5 Nxg5 13. Bxg5 Bxb2 14. Rab1
Bd4 15. c3 Bxc3 16. Bxc6 bxc6 17. Be7 Re8 18. Bxc5 e5 19. Rb3 Bd4 20. Bxd4 exd4
21. Rxd4 Be6 22. Ra3 c5 23. Rda4 Rec8 24. Ne3 Rc7 25. Nc4 Rb8 26. Kf1 Rb4 27.
Ne3 Rb1+ 28. Ke2 Rb2+ 29. Kf3 Rd7 30. Rxa7 Rdd2 31. Ng4 Bxg4+ 32. Kxg4 Rxf2 33.
Rc3 h5+ 34. Kg5 Kg7 35. Rxc5 Rb4 36. h3 Rf3 37. g4 Rxh3 38. Rxf7+ Kxf7 39. Rc7+
Ke6 40. gxh5 Rg3+ 41. Kh6 gxh5 42. Kxh5 Rb2 43. Kh4 Rg8 44. Kh3 Rb1 45. Kh2 Rb2+
46. Kh3 Rxa2 47. Rc5 Ra7 48. Rh5 Rgg7 49. Rb5 Ra3+ 50. Kh2 Rd3 51. Rb4 Kf5 52.
Rc4 Kg5 53. Rc5+ Kf4 54. Rc4+ Kf3 55. Rh4 Rd2+ 56. Kh1 Rd1+ {White resigns} 0-1

[Event "Team 45 45 League T26"]
[Site "Internet Chess Club"]
[Date "2005.03.24"]
[Round "2"]
[White "kostasgr"]
[Black "Aldos"]
[Result "1/2-1/2"]
[WhiteElo "2078"]
[BlackElo "2061"]
[TimeControl "2700+45"]

1. e4 d5 2. exd5 Qxd5 3. Nc3 Qd6 4. d4 Nf6 5. Nf3 a6 6. g3 Bg4 7. Bg2 e6 8. Bf4
Qb6 9. O-O Bd6 10. Qd2 O-O 11. Ne5 Nbd7 12. Na4 Qb5 13. b3 Nxe5 14. dxe5 Bxe5
15. Bxe5 Qxe5 16. Bxb7 Rad8 17. Qc1 Rd6 18. Nb2 Qh5 19. Nc4 Rd4 20. c3 Rd3 21.
Ne3 Bf3 22. Bxf3 Qxf3 23. Qc2 Rfd8 24. Rad1 Qe4 25. Rxd3 Rxd3 26. Rd1 Rxd1+ 27.
Qxd1 {Game drawn by mutual agreement} 1/2-1/2

[Event "Team 45 45 League T26"]
[Site "Internet Chess Club"]
[Date "2005.03.25"]
[Round "2"]
[White "DTK"]
[Black "DeLaSalle"]
[Result "1/2-1/2"]
[WhiteElo "1969"]
[BlackElo "2043"]
[TimeControl "2700+45"]

1. e4 Nc6 2. d4 d5 3. e5 Bf5 4. Bb5 e6 5. Nf3 a6 6. Ba4 b5 7. Bb3 Na5 8. c3 Nxb3
9. Qxb3 c5 10. O-O cxd4 11. Nxd4 Bg6 12. Nd2 Bc5 13. N2f3 Ne7 14. Be3 Bxd4 15.
Nxd4 Qd7 16. a4 bxa4 17. Qxa4 Qxa4 18. Rxa4 Kd7 19. Nb3 Rhb8 20. Nc5+ Kc8 21. b4
Nc6 22. f4 d4 23. Bd2 dxc3 24. Bxc3 Rb6 25. Rfa1 Bc2 26. R4a2 Bg6 27. Nxa6 Bd3
28. Nc5 Rxa2 29. Rxa2 Bc4 30. Ra8+ Rb8 31. Rxb8+ Kxb8 32. Ne4 Bd3 33. Nd6 Bg6
34. Kf2 Ne7 35. g3 h5 36. Bd4 Nf5 37. Bc5 Kc7 38. Nxf5 Bxf5 39. Ke3 Kc6 40. Kd4
Bh3 {Game drawn by mutual agreement} 1/2-1/2

[Event "Team 45 45 League T26"]
[Site "Internet Chess Club"]
[Date "2005.03.28"]
[Round "2"]
[White "Rainbird"]
[Black "GolferBob"]
[Result "0-1"]
[WhiteElo "1604"]
[BlackElo "1744"]
[TimeControl "2700+45"]

1. Nf3 d5 2. c4 c6 3. g3 Nf6 4. Bg2 Bg4 5. cxd5 cxd5 6. Qb3 Qc7 7. d3 Qxc1+ 8.
Qd1 Qxd1+ 9. Kxd1 Nc6 10. Nc3 a6 11. a4 e6 12. Kc2 Bc5 13. e3 Rc8 14. d4 Bd6 15.
Rhe1 Bf5+ 16. Kd2 Ne4+ 17. Ke2 Nxc3+ 18. bxc3 Be4 19. Bf1 Na5 20. Nd2 Bg6 21.
Bg2 O-O 22. e4 dxe4 23. Bxe4 Rxc3 24. Bxg6 hxg6 25. Ne4 Rc6 26. Rab1 Be7 27. Kd3
Rd8 28. f4 Rc4 {White resigns} 0-1

[Event "Team 45 45 League T26"]
[Site "Internet Chess Club"]
[Date "2005.03.25"]
[Round "2"]
[White "vvsi"]
[Black "pks"]
[Result "1/2-1/2"]
[WhiteElo "1642"]
[BlackElo "1636"]
[TimeControl "2700+45"]

1. e4 e5 2. Nf3 Nc6 3. d4 exd4 4. Nxd4 Bc5 5. Be3 Qf6 6. c3 Nge7 7. Bc4 Qg6 8.
O-O O-O 9. Ne6 dxe6 10. Bxc5 e5 11. f3 Be6 12. Nd2 Rad8 13. Bxe6 Qxe6 14. Qc2 b6
15. Be3 Ng6 16. Nb3 Nf4 17. Rad1 h6 18. Bxf4 exf4 19. a3 Na5 20. Nxa5 bxa5 21.
Rxd8 Rxd8 22. Rd1 Rxd1+ 23. Qxd1 Qb6+ 24. Qd4 Qxb2 25. Qd8+ Kh7 26. Qd7 Qc1+ 27.
Kf2 Qe3+ 28. Kf1 Qc1+ 29. Kf2 Qc2+ 30. Kf1 Qc1+ 31. Kf2 {Game drawn by
repetition} 1/2-1/2

[Event "Team 45 45 League T26"]
[Site "Internet Chess Club"]
[Date "2005.03.24"]
[Round "2"]
[White "clarinetref"]
[Black "Gardener"]
[Result "0-1"]
[WhiteElo "1435"]
[BlackElo "1573"]
[TimeControl "2700+45"]

1. Nf3 d5 2. c4 dxc4 3. e4 Nc6 4. Bxc4 Bg4 5. O-O Bxf3 6. Qxf3 Ne5 7. Qb3 Nxc4
8. Qxc4 Nf6 9. Qb5+ Qd7 10. Qxb7 Rd8 11. Qxa7 Nxe4 12. Qe3 Nf6 13. Rd1 e6 14. b3
Nd5 15. Qe2 Nb4 16. Na3 Nd3 17. Nc4 Bc5 18. Rf1 Qd4 19. Ba3 Bxa3 20. Nxa3 Nf4
21. Qe3 Qxd2 22. Qxd2 Rxd2 23. Nb5 Kd7 24. Rfd1 Rxd1+ 25. Rxd1+ Kc6 26. Nc3 Ra8
27. Rd4 Nd5 28. Rc4+ Kd6 29. Nb5+ Ke5 30. a4 Rd8 31. g3 Rb8 32. Kg2 Rb6 33. a5
Rxb5 34. a6 Rxb3 35. Ra4 Nb6 36. Ra5+ Kd6 37. a7 Na8 38. Rh5 h6 39. Ra5 Kc6 40.
Ra4 Kb6 41. Rf4 f5 42. Ra4 c5 43. Kh3 Kb5 44. Ra2 Rb4 45. f4 Ra4 46. Re2 Ra6 47.
g4 c4 48. gxf5 exf5 49. Re7 g6 50. Rb7+ Kc5 51. Rh7 c3 52. Re7 c2 53. Re1 Rxa7
54. Rc1 Ra2 55. Kg3 Kd4 56. Kf3 Kd3 57. Kf2 Kd2 {White resigns} 0-1

[Event "Team 45 45 League T26"]
[Site "Internet Chess Club"]
[Date "2005.03.25"]
[Round "2"]
[White "ChessicStudent"]
[Black "Just-Jim"]
[Result "1/2-1/2"]
[WhiteElo "1526"]
[BlackElo "1440"]
[TimeControl "2700+45"]

1. Nf3 d5 2. g3 Bf5 3. Bg2 e6 4. O-O Nf6 5. b3 Bc5 6. Bb2 d4 7. Nh4 Be4 8. Nf3
Nc6 9. d3 Bxf3 10. Bxf3 Qd7 11. Nd2 O-O-O 12. c3 Nd5 13. cxd4 Bxd4 14. Qc2 Kb8
15. Bg2 Ncb4 16. Qc1 Bxb2 17. Qxb2 g6 18. Ne4 f5 19. Nc5 Qe7 20. Rfc1 b6 21.
Na6+ Kb7 22. Nxb4 Qxb4 23. Rc4 Qd6 24. Rac1 Kb8 25. Rc6 Qe7 26. Qe5 Rhe8 27.
Bxd5 exd5 28. Qxc7+ Qxc7 29. Rxc7 Rxe2 30. Rxh7 Rxa2 31. Rcc7 {Game drawn by
mutual agreement} 1/2-1/2

[Event "Team 45 45 League T26"]
[Site "Internet Chess Club"]
[Date "2005.03.27"]
[Round "2"]
[White "GadsHill"]
[Black "mitdale"]
[Result "0-1"]
[WhiteElo "1572"]
[BlackElo "1634"]
[TimeControl "2700+45"]

1. d4 Nf6 2. c4 c5 3. d5 e6 4. Nc3 exd5 5. cxd5 d6 6. e4 g6 7. Nf3 Bg7 8. Bf4
O-O 9. Be2 Re8 10. Qc2 a6 11. a4 Nh5 12. Bg3 Nxg3 13. hxg3 Nd7 14. O-O Nf6 15.
Nd2 Bg4 16. f3 Bc8 17. Nc4 Rb8 18. a5 Qc7 19. Nb6 Nh5 20. Kh2 Qe7 21. Qd2 f5 22.
exf5 Bxc3 23. bxc3 Qxe2 24. Qxe2 Rxe2 25. fxg6 hxg6 26. Rae1 Rxe1 27. Rxe1 Nf6
28. Re7 g5 29. Nxc8 Rxc8 30. Rxb7 Nxd5 31. Rd7 Rc6 32. c4 Ne3 33. Re7 Nxc4
{White resigns} 0-1

[Event "Team 45 45 League T26"]
[Site "Internet Chess Club"]
[Date "2005.03.24"]
[Round "2"]
[White "Xidnan"]
[Black "Cantemir"]
[Result "1-0"]
[WhiteElo "1490"]
[BlackElo "1523"]
[TimeControl "2700+45"]

1. d4 d5 2. c4 e6 3. Nc3 c5 4. Nf3 Nc6 5. cxd5 exd5 6. e3 c4 7. b3 Bb4 8. Bb2 b5
9. bxc4 bxc4 10. Qa4 Ne7 11. Ne5 Qb6 12. Be2 O-O 13. O-O Nxe5 14. dxe5 Ng6 15.
Nxd5 Qc5 16. Nxb4 Nxe5 17. Bxe5 Qxe5 18. Bxc4 a5 19. Nc6 Qc5 20. Rac1 Qg5 21.
Qb5 Qh6 22. Ne7+ Kh8 23. Nxc8 Rfxc8 24. Bxf7 Rf8 25. Bd5 Qg5 26. Rc5 Rfb8 27.
Bxa8 Qd8 28. Rd5 Qf8 29. Qc5 Qxc5 30. Rxc5 Rxa8 31. Rfc1 {Black resigns} 1-0

[Event "Team 45 45 League T26"]
[Site "Internet Chess Club"]
[Date "2005.03.28"]
[Round "2"]
[White "pokerram"]
[Black "Colonel-Klutz"]
[Result "0-1"]
[WhiteElo "1504"]
[BlackElo "1465"]
[TimeControl "2700+45"]

1. d4 Nf6 2. c4 g6 3. Nc3 Bg7 4. e4 d6 5. Nf3 O-O 6. Be2 Na6 7. a3 c5 8. d5 Qa5
9. Bd2 Bd7 10. O-O Qb6 11. Rb1 Ng4 12. h3 Ne5 13. Nxe5 Bxe5 14. Be3 e6 15. Bd3
Qd8 16. Ne2 exd5 17. cxd5 Qh4 18. f4 Bd4 19. Nxd4 cxd4 20. Bxd4 Bxh3 21. Qf3 Bg4
22. Qf2 Qh5 23. f5 Nc5 24. Bxc5 dxc5 25. Qxc5 Rac8 26. Qxa7 Be2 27. Bxe2 Qxe2
28. Rbe1 Qxb2 29. Rb1 Qe2 30. Rfe1 Qg4 31. Qf2 Rfe8 32. Rb4 Re5 33. f6 Rg5 34.
e5 Qd7 35. Qf4 h6 36. e6 Qxd5 37. exf7+ Qxf7 38. Re7 Qd5 39. Rg7+ Kf8 40. Rb2
Qd1+ 41. Qf1 Qd4+ 42. Qf2 Rc1+ 43. Kh2 Qe5+ 44. g3 Rh5+ 45. Kg2 Qe4+ 46. Qf3
Rg1+ 47. Kxg1 Qxf3 48. Rg2 Qe3+ 49. Rf2 Qe1+ {White resigns} 0-1